cohdb
Replays
Latest Replays
All Replays
Popular Replays
Top Player Replays
Match Explorer
How It Works
Community
CoH3 Stats
Reddit
Sign in to upload your games and track your stats! →
Sign in with Steam
Match 36046811
Unlisted
Match 36046811
Overview
Messages
Build Orders
End
Construct Infanterie Kompanie
Kettenkrad Recon Vehicle
Selects Breakthrough Battlegroup
Selects Assault Grenadiers
MG 42 Machine Gun Team
GrW 34 Mortar Team
Grenadier Squad
Selects 2.5-tonne Cargo Truck
2.5-tonne Cargo Truck
Construct Panzergrenadier Kompanie
Panzergrenadier Squad
Construct Panzer Kompanie
Panzer IV Medium Tank
Panzer IV Medium Tank
Panzer Officer Quarters
Selects Smoke Bombing Run
Selects Incendiary Bombing Run
Incendiary Bombing Run
Pioneer Squad
Pioneer Squad
Selects Blitzkrieg
Panzer IV Medium Tank
Side Skirts
Incendiary Bombing Run
Blitzkrieg
Incendiary Bombing Run
Panzer IV Medium Tank
Blitzkrieg
Chatan
Magnum Avocado
Dislocated Medic
Kenzilian
Alone._.Wolf
Yaas
0
0
Comments
sign in to comment!
No comments posted yet!